 Dungeon Crawl Stone Soup version 0.30.1-11-g7821555f0a (webtiles) character file.

Game seed: 1165126132263803437

325 Sin92 the Trooper (level 6, -2/48 HPs)
             Began as a Demonspawn Fighter on Nov 6, 2023.
             Slain by Blork the orc
             ... wielding a +0 dire flail
              (3 damage)
             ... on level 4 of the Dungeon.
             The game lasted 00:09:39 (3084 turns).

Sin92 the Trooper (Demonspawn Fighter)              Turns: 3084, Time: 00:09:39

Health: -2/48      AC: 10    Str: 16    XL:     6   Next: 24%
Magic:  6/6        EV:  9    Int: 13    God:
Gold:   253        SH:  5    Dex: 14    Spells: 5/5 levels left

rFire   . . .        a - +0 long sword
rCold   . . .        c - +0 buckler
rNeg    . . .        b - +0 scale mail
rPois   .            (helmet restricted)
rElec   .            (no cloak)
rCorr   +            p - +2 pair of gloves of a Gauntlet {Fly Int+3}
SInv    .            (no boots)
Will    .....        h - amulet of the acrobat Stlth
                     e - ring of resist corrosion
HPRegen 0.28/turn    (no ring)
MPRegen 0.10/turn

%: acrobat
@: flying
A: antennae 1, hooves 1, demonic guardian 1, spiny 1
a: no special abilities


You were on level 4 of the Dungeon.
You visited 1 branch of the dungeon, and saw 4 of its levels.

You collected 253 gold pieces.

Inventory:

Hand Weapons
 a - a +0 long sword (weapon)
 m - a +2 spear of flaming
 q - a +0 short sword of speed
Armour
 b - a +0 scale mail (worn)
 c - a +0 buckler (worn)
 p - the +2 pair of gloves of a Gauntlet (worn) {Fly Int+3}
   (You found it on level 3 of the Dungeon)

   Int:       It affects your intelligence (+3).
   Fly:       It grants you flight.
Jewellery
 e - a ring of resist corrosion (left hand)
 h - an amulet of the acrobat (around neck)
Wands
 d - a wand of digging (8)
 n - a wand of iceblast (6)
Scrolls
 l - 2 scrolls of identify
 r - a scroll of magic mapping
 t - a scroll of teleportation
Potions
 f - 3 potions of curing
 g - 2 potions of degeneration
 i - a potion of mutation {unknown}
 j - 3 potions of haste
 k - a potion of heal wounds {unknown}
 o - a potion of resistance {unknown}


   Skills:
 + Level 3.9 Fighting
 * Level 3.8 Long Blades
 + Level 3.5 Armour
 + Level 2.0 Dodging
 + Level 3.5 Shields


You had 5 spell levels left.
You didn't know any spells.
Your spell library was empty.

Dungeon Overview and Level Annotations

Branches:
Dungeon (4/15)
 Temple: D:4-7

Altars:
Gozag

Shops:
D:3 :

Annotations:
D:4 Blork the orc


Innate Abilities, Weirdness & Mutations

You have a pair of small antennae on your head.
You have large cloven feet.
A weak demonic guardian rushes to your aid.
You are partially covered in sharp spines.


Message History

You kill the hobgoblin!
Blork the orc comes into view.
He is wielding a +0 dire flail.
Blork the orc drinks a potion.
Blork the orc flickers and vanishes!
Deactivating autopickup; reactivate with Ctrl-A.
No target in view!
No target in view!
There is an open door here.
You see here a hobgoblin corpse.
Something barely misses you.
You miss something. Something hits you.
You closely miss something. You kick something.
Something hits you but does no damage.
You slash something! Your kick misses something.
You hear some strange, mumbled words.
A puff of flame appears from out of thin air!
The puff of flame hits you!
You miss something. Your kick misses something.
You hear some strange, mumbled words. x2
A puff of frost appears from out of thin air!
The puff of frost hits you.
You closely miss something. Your kick misses something.
You hear some strange, mumbled words.
You hit something. Your kick misses something.
Something hits you but does no damage. You block something's attack.
You closely miss something. Something hits you.
A demonic guardian appears!
Something hits you!
You hit something. You block something's attack.
You hear some strange, mumbled words.
A puff of frost appears from out of thin air!
The puff of frost hits you but does no damage.
You hit something. Your kick misses something.
Something hits you but does no damage. Something hits you.
You closely miss something. You block something's attack.
You hear some strange, mumbled words.
You closely miss something. Your kick misses something. Something hits you!
* * * LOW HITPOINT WARNING * * *
You closely miss something. Your kick misses something. Something hits you!
* * * LOW HITPOINT WARNING * * *
Something hits you.
You die...

*******######## *,,,,,,,......#
*,***,**#.#.#.# *** *,* *,*
#..!..# ****,*** *,* *,*
*.....###***#....,,, *,* *,*
*,......,,,,.....,,* *,*
#.#####{#.#*****#.#..,** **,*
#.....5@..# #.##.##* *,,*
#######.### #.#*..#* *,** ##†##
#.#*#.#* *,* ##...## #.###.##
*,** ##.....## #.().... *,,**
*#.......## ##.###.##
*****,,,***#.........####...##.#
,,,,,,,,,,,+.........'.......#.#
**,,,,,,***#.........####...##.#


You could see a friendly iron imp (summoned).

Vanquished Creatures
  An ogre (D:4)
  A scorpion (D:4)
  Ijyb (D:4)
  Robin (D:2)
  2 adders
  A white imp (D:3)
  An ufetubus (D:4)
  2 worms (D:2)
  10 orcs (D:3)
  3 bats
  8 giant cockroaches
  20 goblins
  10 hobgoblins
  8 jackals (D:1)
  2 quokkas
  4 ball pythons
  2 frilled lizards (D:1)
  9 kobolds
  6 rats
92 creatures vanquished.

Notes
Turn   | Place    | Note
-------+----------+-------------------------------------------
     0 | D:1      | Sin92 the Demonspawn Fighter began the quest for the Orb.
     0 | D:1      | Reached XP level 1. HP: 18/18 MP: 1/1
   269 | D:1      | Gained mutation: You are partially covered in sharp spines.
                  | [demonic ancestry]
   269 | D:1      | Reached XP level 2. HP: 24/24 MP: 2/2
   407 | D:1      | Discovered your monstrous ancestry.
   407 | D:1      | Gained mutation: You have a pair of small antennae on your
                  | head. [demonic ancestry]
   407 | D:1      | Reached XP level 3. HP: 22/29 MP: 3/3
   884 | D:2      | Found a faded altar of an unknown god.
   892 | D:2      | Noticed Robin
   904 | D:2      | Killed Robin
   907 | D:2      | Reached skill level 1 in Dodging
   915 | D:2      | Gained mutation: You have large cloven feet. [demonic
                  | ancestry]
   915 | D:2      | Reached XP level 4. HP: 24/35 MP: 4/4
  1723 | D:3      | Found Nymny's Book Boutique.
  2288 | D:3      | Identified the +2 pair of gloves of a Gauntlet {Fly Int+3}
  2376 | D:3      | Found an opulent altar of Gozag.
  2569 | D:4      | Reached XP level 5. HP: 38/41 MP: 5/5
  2838 | D:4      | Noticed an ogre
  2843 | D:4      | Killed an ogre
  2844 | D:4      | Gained mutation: A weak demonic guardian rushes to your
                  | aid. [demonic ancestry]
  2844 | D:4      | Reached XP level 6. HP: 15/48 MP: 6/6
  3002 | D:4      | Noticed Ijyb
  3018 | D:4      | Killed Ijyb
  3069 | D:4      | Noticed Blork the orc
  3084 | D:4      | HP: 1/48 [something (10)]
  3084 | D:4      | Slain by Blork the orc

Illustrated notes

Levels and vault maps discovered:
D:1:      sevenhm_arrival_forest_fort_small_3, layout_basic
D:2:      layout_basic, ebering_ecumenical_altar_box, basic_altar,
          minmay_misc_feat_chi, uniq_robin
D:3:      layout_basic, general_overflow_altar, serial_shops, shop
D:4:      layout_loops_corners, uniq_grinder, uniq_ijyb, uniq_blork_the_orc

Skill      XL: |  1  2  3  4  5  6 |
---------------+-------------------+-----
Long Blades    | 2 3 |  3.8
Armour         | 3 |  3.5
Shields        | 3 |  3.5
Dodging        | 1 2 |  2.0
Fighting       | |  3.9

Action                     |  1- 3 |  4- 6 || total
---------------------------+-------+-------++-------
  Melee: Long sword        |    80 |   122 ||   202
         Kick              |       |    27 ||    27
    Use: Scroll            |     1 |     8 ||     9
         Potion            |     1 |     1 ||     2
 Armour: Scale mail        |    53 |    43 ||    96
  Dodge: Dodged            |    48 |    66 ||   114
  Block: Buckler           |    29 |    31 ||    60
